 Dungeon Crawl Stone Soup version 0.29.1-1-gd02db69 (webtiles) character file.

Game seed: 13094431436203943109

263 Timinator the Ruffian (level 5, -1/61 HPs)
             Began as a Demigod Transmuter on Dec 19, 2022.
             Slain by an iguana (10 damage)
             ... on level 4 of the Dungeon.
             The game lasted 00:08:22 (3718 turns).

Timinator the Ruffian (Demigod Transmuter)          Turns: 3718, Time: 00:08:23

Health: -1/61      AC: 22    Str: 15    XL:     5   Next: 65%
Magic:  11/11      EV:  2    Int: 15    God:
Gold:   184        SH:  0    Dex: 14    Spells: 6/9 levels left

rFire   . . .      SeeInvis .     - Unarmed
rCold   . . .      Faith    .   (no shield)
rNeg    . . .      Spirit   .   (body armour currently unavailable)
rPois   +          Reflect  .   (helmet currently unavailable)
rElec   .          Harm     .   (cloak currently unavailable)
rCorr   .          Rampage  .   (gloves currently unavailable)
Will    .....      NoTele   +   (boots currently unavailable)
Stlth   ++........              (no amulet)
HPRegen 0.20/turn               (no ring)
MPRegen 0.12/turn               (no ring)

@: lethally poisoned (-1 -> -5), tree-form
A: stationary, stasis, torment immunity, boosted hp, high MP 1, forlorn, divine
attributes
a: no special abilities


You were on level 4 of the Dungeon.
You were a tree.
You visited 1 branch of the dungeon, and saw 4 of its levels.

You collected 184 gold pieces.

Inventory:

Armour
 d - a +0 leather armour (melded)
Scrolls
 c - 2 scrolls of fear {unknown}
 e - 2 scrolls of amnesia {unknown}
 g - a scroll of teleportation {unknown}
 i - 2 scrolls of identify {unknown}
 j - a scroll of blinking {unknown}
Potions
 a - 2 potions of magic {unknown}
 b - a potion of lignification
 f - 3 potions of flight {unknown}
 h - a potion of ambrosia {unknown}
 k - a potion of might {unknown}


   Skills:
 * Level 2.1 Fighting
 * Level 1.7 Armour
 * Level 2.6 Dodging
 - Level 1.0 Stealth
 + Level 3.5 Unarmed Combat
 + Level 2.5 Spellcasting
 * Level 2.8 Transmutations


You had 6 spell levels left.
You knew the following spells:

 Your Spells              Type           Power      Damage    Failure   Level
a - Beastly Appendage     Tmut           20%        N/A       7%          1
b - Wereblood             Tmut           10%        N/A       10%         2

Your spell library contained the following spells:

 Spells                   Type           Power      Damage    Failure   Level
 Passwall                 Tmut/Erth      5%         N/A       19%         2
 Ensorcelled Hibernation  Hex/Ice        2%         N/A       32%         2
 Spider Form              Tmut/Pois      6%         N/A       34%         3
 Swiftness                Air            1%         N/A       54%         3
 Ice Form                 Ice/Tmut       6%         N/A       75%         4


Dungeon Overview and Level Annotations

Branches:
Dungeon (4/15)
 Temple: D:4-7

Annotations:
D:3 Sigmund


Innate Abilities, Weirdness & Mutations

You are a tree.
Your roots penetrate the ground, keeping you stationary.
You cannot be teleported.
You are immune to unholy pain and torment.
Your maximum health is greatly increased.
Your equipment is partially melded.
You have an increased reservoir of magic. (+10% MP)
You shall have no god before yourself.
Your divine heritage dramatically boosts your attributes as you level up.


Message History

Items here: ! $ ))) [[ †††.
You miss the frilled lizard. The orc hits you with a +0 flail.
The frilled lizard bites you.
You punch the frilled lizard!
You feel a bit better.
You kill the frilled lizard!
The orc hits you with a +0 flail!
Sigmund gestures wildly while chanting.
Sigmund flickers and vanishes!
Deactivating autopickup; reactivate with Ctrl-A.
Okay, then.
Okay, then.
Your primal bloodlust is almost over.
You see here a frilled lizard corpse.
Things that are here:
a +0 club; 5 stones; 11 gold pieces The orc throws a poisoned dart.
The poisoned dart hits you!
You are poisoned.
You feel very sick.
You feel sick.
You see here a +0 robe.
You feel sick.
Your primal bloodlust has ended.
You feel sick.
You feel sick.
You feel sick.
The orc throws a poisoned dart.
The poisoned dart hits you!
You are more poisoned.
There is a stone staircase leading down here.
* * * LOW HITPOINT WARNING * * *
You feel sick.
The orc throws a poisoned dart.
The poisoned dart misses you.
You climb downwards.
Reactivating autopickup.
* * * LOW HITPOINT WARNING * * *
You feel sick.
The iguana hisses angrily.
There is a stone staircase leading up here.
Really quaff the potion of lignification?
You turn into a tree.
Your +0 leather armour melds into your body.
Your roots penetrate the ground.
You feel sick. The iguana bites you!
You die...

#+ #. #. #. .
####. ...
#....###.....
#.l♣.......
#.##.###....
##. . #. ..
.. ..# .#


You could see an iguana.

Vanquished Creatures
  An orc priest (D:3)
  Jessica (D:2)
  Terence (D:3)
  An iguana (D:3)
  3 gnolls (D:3)
  4 adders
  3 dart slugs
  9 orcs
  6 endoplasms
  3 giant cockroaches
  3 goblins (D:1)
  8 hobgoblins
  2 jackals (D:1)
  4 kobolds
  6 quokkas
  9 ball pythons
  4 bats
  8 frilled lizards
  4 rats
80 creatures vanquished.

Vanquished Creatures (others)
  7 plants (D:3)
7 creatures vanquished.

Grand Total: 87 creatures vanquished

Notes
Turn   | Place    | Note
-------+----------+-------------------------------------------
     0 | D:1      | Timinator the Demigod Transmuter began the quest for the
                  | Orb.
     0 | D:1      | Reached XP level 1. HP: 15/15 MP: 5/5
    77 | D:1      | Reached skill level 1 in Fighting
   260 | D:1      | Reached XP level 2. HP: 19/23 MP: 5/7
   660 | D:1      | Reached skill level 3 in Unarmed Combat
   842 | D:1      | Learned a level 2 spell: Wereblood
  1632 | D:2      | Reached XP level 3. HP: 20/28 MP: 8/8
  2321 | D:2      | Noticed Jessica
  2325 | D:2      | Killed Jessica
  2601 | D:2      | Reached XP level 4. HP: 34/35 MP: 8/10
  2704 | D:3      | Reached skill level 1 in Armour
  2943 | D:3      | Reached skill level 1 in Stealth
  3099 | D:3      | Reached XP level 5. HP: 40/41 MP: 9/11
  3336 | D:3      | Noticed Terence
  3343 | D:3      | Killed Terence
  3702 | D:3      | Noticed Sigmund
  3718 | D:4      | Slain by an iguana

Illustrated notes

Levels and vault maps discovered:
D:1:      matt_arrival_diagonals, layout_basic, minmay_tetromino_o2
D:2:      layout_basic, nicolae_titane, uniq_jessica
D:3:      layout_basic, fedhas_ov_isle_minmay, vehumet_crystals,
          nicolae_overflow_hidden_temple, minmay_statues_item,
          minmay_lizard_king, uniq_sigmund, uniq_terence
D:4:      layout_basic, grunt_temple_overflow_gold_and_silver,
          marbit_many_paths, minmay_temple_entry_drinking_statues,
          grunt_decor_mini_mirrors

Skill      XL: |  1  2  3  4 |
---------------+-------------+-----
Fighting       | 1 2 |  2.1
Unarmed Combat | 3 |  3.5
Transmutations | 2 |  2.8
Spellcasting   | 2 |  2.5
Dodging        | 2 |  2.6
Armour         | 1 |  1.7
Stealth        | 1 |  1.0

Action                   |  1- 3 |  4- 6 || total
-------------------------+-------+-------++-------
Melee: Unarmed           |    94 |   111 ||   205
       Kick              |    22 |    35 ||    57
       Headbutt          |    11 |    15 ||    26
       Punch             |     2 |     3 ||     5
 Cast: Beastly Appendage |    27 |    17 ||    44
       Wereblood         |       |     5 ||     5
  Use: Potion            |       |     1 ||     1
 Stab: Sleeping          |     4 |       ||     4
Armor: Robe              |    14 |       ||    14
       Leather armour    |     1 |    16 ||    17
Dodge: Dodged            |    43 |    58 ||   101
